 Dungeon Crawl Stone Soup version 0.19-a0-1895-g783e625 (webtiles) character file.

1063 Lochraine the Chiller (level 7, -3/50 HPs)
             Began as a Demigod Ice Elementalist on Oct 18, 2016.
             Killed from afar by an electric eel (11 damage)
             ... with a bolt of electricity
             ... on level 6 of the Dungeon.
             The game lasted 00:29:25 (5804 turns).

Lochraine the Chiller (Demigod Ice Elementalist)    Turns: 5804, Time: 00:29:26

Health: -3/50      AC:  5    Str: 13    XL:     7   Next: 78%
Magic:  8/14       EV: 13    Int: 21    God:
Gold:   149        SH:  0    Dex: 16    Spells: 6 memorised, 0 levels left

rFire  . . .     SeeInvis .     D - +2 trident (freeze)
rCold  . . .     Gourm    .     a - +0 robe
rNeg   . . .     Faith    .     (no shield)
rPois  +         Spirit   .     (no helmet)
rElec  .         Reflect  .     l - +2 cloak
rCorr  .         Harm     .     (no gloves)
MR     .....                    (no boots)
Stlth  ++........               (no amulet)
                                i - ring of poison resistance
                                B - ring of flight

@: no status effects
A: high mp 1
a: Evoke Flight


You were on level 6 of the Dungeon.
You were hungry.

You visited 2 branches of the dungeon, and saw 7 of its levels.

You collected 149 gold pieces.

Inventory:

Hand Weapons
 D - a +2 trident of freezing (weapon)
 E - a +0 antimagic flail
Armour
 a - a +0 robe (worn)
 l - a +2 cloak (worn)
Jewellery
 i - a ring of poison resistance (right hand)
 B - a ring of flight (left hand)
Wands
 C - a wand of slowing (36/48)
Scrolls
 e - 3 scrolls of enchant weapon
 g - a scroll of remove curse
 h - a scroll of recharging {unknown}
 m - 2 scrolls of identify
 w - a scroll of immolation {unknown}
 x - 4 scrolls of blinking
 y - a scroll of magic mapping
 z - 2 scrolls of teleportation
Potions
 f - a potion of berserk rage {unknown}
 k - 2 potions of curing
 n - a potion of brilliance {unknown}
 p - a potion of agility {unknown}
 q - a potion of might {unknown}
 s - a potion of mutation {unknown}
 t - a potion of magic {unknown}
 v - a potion of beneficial mutation {unknown}
 A - 2 potions of ambrosia {unknown}
Books
 b - a book of Frost

   Spells                             Type                      Level
   a - Freeze                         Ice                          1
   b - Throw Frost                    Conjuration/Ice              2
   c - Ozocubu's Armour               Charms/Ice                   3
   d - Throw Icicle                   Conjuration/Ice              4
   e - Summon Ice Beast               Ice/Summoning                4
 u - a book of Minor Magic

   Spells                             Type                      Level
   a - Magic Dart                     Conjuration                  1
   b - Blink                          Translocation                2
   c - Call Imp                       Summoning                    2
   d - Repel Missiles                 Charms/Air                   2
   e - Slow                           Hexes                        2
   f - Conjure Flame                  Conjuration/Fire             3
   g - Mephitic Cloud                 Conjuration/Poison/Air       3
Comestibles
 c - 5 bread rations
 d - a beef jerky
 j - 10 fruits
 o - 2 meat rations
 r - 2 slices of pizza


   Skills:
 - Level 2.2 Dodging
 - Level 1.7 Stealth
 - Level 3.1 Spellcasting
 - Level 2.2 Conjurations
 + Level 4.8 Summonings
 - Level 1.1 Translocations
 - Level 6.1 Ice Magic


You couldn't memorise any spells.
You knew the following spells:

 Your Spells              Type           Power        Failure   Level  Hunger
a - Freeze                Ice            ####         1%          1    None
b - Throw Frost           Conj/Ice       ###...       4%          2    ##.....
c - Blink                 Tloc           N/A          14%         2    ##.....
d - Magic Dart            Conj           ##..         6%          1    None
e - Call Imp              Summ           ###.....     2%          2    ##.....
f - Summon Ice Beast      Ice/Summ       ####....     17%         4    ####...


Dungeon Overview and Level Annotations

Branches:
Dungeon (6/15)             Temple (1/1) D:5

Annotations:
D:5 Prince Ribbit


Innate Abilities, Weirdness & Mutations

You have an increased reservoir of magic. (+10% MP)


Message History

Confirm with . or Enter, or press ? or * to list all spells.
Aiming: Freeze
Press: ? - help, Shift-Dir - straight line, f/p - adder
Aim: an adder (heavily wounded)
You freeze the adder.
You kill the adder!
The electric eel shoots out a bolt of lightning at you!
The bolt of electricity hits you!
You start resting.
The electric eel shoots out a bolt of lightning at you!
The bolt of electricity hits you!
* * * LOW HITPOINT WARNING * * *
The electric eel shoots out a bolt of lightning at you!
The bolt of electricity hits you!
* * * LOW HITPOINT WARNING * * *
You see here an adder corpse.
You butcher the adder corpse.
The electric eel shoots out a bolt of lightning at you!
The bolt of electricity hits you!
You die...

#.............#.# ###
#.##.......####.# #.#
#.##....#### #.###..
#####.##....#######......
#>.......................
#####.###.........)...>......
#.........................##.
#..............)..P.......##.
#...........@.5..♣P≈......##.
#.........###...♣≈≈≈P.....##.
#.........# #...≈≈≈≈♣........
#.........# #...♣≈≈≈≈♣.....#.
#.........# #...;≈≈≈≈♣#......
#.........##≈...≈≈≈≈≈≈####..#
#.........#≈≈..).≈≈≈P≈# #..<
##########♣≈≈≈...≈≈≈≈≈ ####
♣≈≈...≈≈≈≈≈≈ ....


You could see an electric eel and a crimson imp.

Vanquished Creatures
  A phantom (D:6)
  A scorpion (D:4)
  A crimson imp (D:5)
  4 hounds
  A centaur skeleton (D:5)
  2 orc priests (D:3)
  An orc wizard (D:3)
  Jessica (D:2)
  An iguana (D:4)
  3 worker ants
  A hound zombie (D:3)
  2 hound skeletons
  2 howler monkey zombies (D:3)
  9 adders
  A gnoll (D:4)
  3 adder skeletons
  An adder zombie (D:3)
  2 worms
  A dart slug (D:2)
  The ghost of Amnesiac the Ruffian, a weakling VSMo (D:3)
  4 leopard geckos
  10 orcs
  4 giant cockroaches
  5 hobgoblins
  4 jackals (D:1)
  5 kobolds
  2 quokkas
  A ball python (D:1)
  A ball python zombie (D:3)
  10 bats
  6 frilled lizards
  A giant cockroach zombie (D:3)
  9 goblins
  A jackal skeleton (D:3)
  2 jackal zombies (D:3)
  2 leopard gecko skeletons
  8 rats
114 creatures vanquished.

Vanquished Creatures (collateral kills)
  Menkaure (D:5)
  Edmund (D:5)
  An ice beast (D:6)
  A bullfrog (D:6)
  A hound (D:4)
  A quokka (D:5)
6 creatures vanquished.

Grand Total: 120 creatures vanquished

Notes
Turn   | Place    | Note
-------+----------+-------------------------------------------
     0 | D:1      | Lochraine the Demigod Ice Elementalist began the quest for the Orb.
     0 | D:1      | Reached XP level 1. HP: 14/14 MP: 5/5
    92 | D:1      | Reached skill level 3 in Ice Magic
   392 | D:1      | Reached XP level 2. HP: 20/20 MP: 7/7
   434 | D:1      | Learned a level 2 spell: Throw Frost
   478 | D:1      | Reached skill level 1 in Conjurations
   828 | D:2      | Found a snail-covered altar of Cheibriados.
   923 | D:2      | Reached XP level 3. HP: 23/26 MP: 3/8
   968 | D:2      | Learned a level 2 spell: Blink
   981 | D:2      | Noticed Jessica
   988 | D:2      | Killed Jessica
  1102 | D:2      | Reached skill level 1 in Translocations
  1102 | D:2      | Reached XP level 4. HP: 33/33 MP: 4/9
  1141 | D:2      | Reached skill level 4 in Ice Magic
  1281 | D:2      | Learned a level 1 spell: Magic Dart
  1439 | D:3      | Noticed Amnesiac's ghost (weakling VSMo)
  1453 | D:3      | Killed Amnesiac's ghost
  1923 | D:3      | Reached XP level 5. HP: 14/38 MP: 7/10
  2147 | D:3      | Reached skill level 5 in Ice Magic
  3018 | D:3      | Reached XP level 6. HP: 29/45 MP: 5/13
  3087 | D:3      | Found a shadowy altar of Dithmenos.
  3234 | D:3      | Learned a level 2 spell: Call Imp
  3368 | D:4      | Reached skill level 1 in Summonings
  3473 | D:4      | Found a bloodstained altar of Trog.
  3473 | D:4      | Found a shimmering altar of Xom.
  3478 | D:4      | Found a faded altar of an unknown god.
  3488 | D:4      | Found a faded altar of an unknown god.
  3489 | D:4      | Found a faded altar of an unknown god.
  3901 | D:4      | Found a glowing golden altar of the Shining One.
  3901 | D:4      | Found a glowing silver altar of Zin.
  3902 | D:4      | Found a white marble altar of Elyvilon.
  3996 | D:5      | Entered Level 5 of the Dungeon
  4002 | D:5      | Noticed Edmund
  4168 | D:5      | Found a staircase to the Ecumenical Temple.
  4173 | Temple   | Entered the Ecumenical Temple
  4215 | D:5      | Noticed Menkaure
  4251 | D:5      | Killed Menkaure
  4351 | D:5      | Reached XP level 7. HP: 38/50 MP: 8/14
  4441 | D:5      | Learned a level 4 spell: Summon Ice Beast
  4512 | D:5      | Noticed Prince Ribbit
  4682 | D:5      | Killed Edmund
  5707 | D:6      | Reached skill level 6 in Ice Magic
  5804 | D:6      | Killed from afar by an electric eel

Vault maps used:
D:1:      dpeg_arrival_signposts, supply_closet_lemuel, minivault_14
D:2:      overflow_temple_1_default, uniq_jessica
D:3:      serial_undead, serial_undead_c, serial_undead_a, serial_undead_f,
          serial_undead_b, serial_undead_a, serial_undead_f, serial_undead_d,
          serial_undead_d, grunt_dithmenos_smoke_and_mirrors
D:4:      good_gods_mini_temple, chequers_temple_overflow_minitemple
D:5:      first_bread, uniq_edmund, uniq_menkaure, uniq_prince_ribbit1
D:6:      serial_bayou_ford_a
Temple:   cyrus_circular_temple

Skill      XL: |  1  2  3  4  5  6  7 |
---------------+----------------------+-----
Ice Magic      | 3 4 5 6 |  6.1
Conjurations   | 1 2 |  2.2
Translocations | 1 |  1.1
Spellcasting   | 3 |  3.1
Summonings     | 3 4 |  4.8
Dodging        | 2 |  2.2
Stealth        | |  1.7

Action                   |  1- 3 |  4- 6 |  7- 9 || total
-------------------------+-------+-------+-------++-------
Melee: Mace              |    62 |       |       ||    62
       Unarmed           |     1 |       |       ||     1
       Dagger            |     3 |   229 |    12 ||   244
       Trident           |       |       |    53 ||    53
Throw: Stone             |       |     6 |       ||     6
 Cast: Freeze            |    15 |    31 |    13 ||    59
       Throw Frost       |     4 |    23 |     9 ||    36
       Magic Dart        |       |    50 |    23 ||    73
       Call Imp          |       |     8 |     9 ||    17
       Summon Ice Beast  |       |       |     1 ||     1
  Use: Scroll            |       |    13 |       ||    13
       Potion            |       |     2 |     1 ||     3
 Stab: Sleeping          |     6 |     1 |       ||     7
       Distracted        |       |     1 |       ||     1
  Eat: Chunk             |     1 |     6 |     5 ||    12
       Meat ration       |       |     1 |       ||     1
       Beef jerky        |       |       |     1 ||     1
Armor: Robe              |    29 |    75 |    20 ||   124
Dodge: Dodged            |    62 |   133 |    45 ||   240
